[Event "NJSK 2022 Meisjes A&B"]
[Site "Almelo, Netherlands"]
[Date "2022.05.01"]
[Round "1.1"]
[White "Martinez, Sara"]
[Black "De Zoeten, Cato"]
[Result "0-1"]
[TimeControl "90min/40moves + 30min + 30sec/move"]
[WhiteElo "1651"]
[BlackElo "1915"]

1. e4 c5 2. Nf3 d6 3. d4 cxd4 4. Nxd4 Nf6 5. Nc3 a6 6. Bg5 Nbd7 7. f4 Qc7 8. Qf3 b5 9. e5 Bb7 10.
exd6 Qb6 11. Qe3 e6 12. O-O-O Bxd6 13. Kb1 O-O 14. Qh3 Rfe8 15. Nb3 b4 16. Na4 Qc7 17. Bd3 Rac8 18. Rhf1 Bd5 19.
Rf2 Qc6 20. Bxf6 Nxf6 21. g4 g6 22. g5 Nh5 23. f5 Nf4 24. Rxf4 Bxf4 25. Nac5 exf5 26. Nxa6 Bg2 27. Qh4 Qf3 28. Re1 Re3 29. Nd2 Rxe1+ 30. Qxe1 Qe3 31. Qxe3 Bxe3 32. Nc4 Bxg5 33.
Nxb4 f4 34. Nd2 f3 35. Ne4 Be7 36. Nd5 Bf8 37. c4 f5 38. Nf2 Kg7 39. Kc2 Bc5 40. Nd1 Re8 41. Kd2 f2 42. N5e3 Bf3 43.
Nf1 Rd8 44. Kc2 Bxd1+ 0-1

[Event "NJSK 2022 Meisjes A&B"]
[Site "Almelo, Netherlands"]
[Date "2022.05.01"]
[Round "1.2"]
[White "Verheij, Dana"]
[Black "Tangarife Ramirez, Katja"]
[Result "1-0"]
[TimeControl "90min/40moves + 30min + 30sec/move"]
[WhiteElo "1828"]
[BlackElo "1623"]

1. e4 e5 2. Nf3 Nf6 3. Nxe5 d6 4. Nf3 Nxe4 5. d4 d5 6. c4 c6 7. Nc3 Nxc3 8. bxc3 Nd7 9. cxd5 cxd5 10.
Bb5 a6 11. Bd3 Bd6 12. O-O O-O 13. Re1 Nf6 14. Bg5 Bg4 15. Re3 Be7 16. Qb3 b5 17. Ne5 Be6 18. Nc6 Qd7 19. Nxe7+ Qxe7 20.
f4 Qd8 21. f5 Bc8 22. Bxf6 gxf6 23. Rae1 Bb7 24. Qd1 Kh8 25. Qh5 Rg8 26. Qxf7 Bc6 27. Re7 1-0

[Event "NJSK 2022 Meisjes A&B"]
[Site "Almelo, Netherlands"]
[Date "2022.05.01"]
[Round "1.3"]
[White "Bogouslavskii, Veronique"]
[Black "Cordes, Jule"]
[Result "0-1"]
[TimeControl "90min/40moves + 30min + 30sec/move"]
[WhiteElo "1618"]
[BlackElo "1802"]

1. d4 d5 2. c4 c6 3. Nc3 Nf6 4. e3 e6 5. Nf3 Nbd7 6. Qc2 Be7 7. b3 b6 8. Bd3 Bb7 9. O-O c5 10.
cxd5 Nxd5 11. Nxd5 Bxd5 12. e4 Bb7 13. Bb2 cxd4 14. Bxd4 O-O 15. Rad1 Rc8 16. Qe2 Qc7 17. Bb5 Rfd8 18.
Bb2 Nc5 19. Rc1 Qf4 20. e5 a6 21. Rc4 Qh6 22. Bc1 Qg6 23. Nh4 Bxh4 24. Rg4 Qf5 25. Rf4 Qg6 26. Rg4 Bxf2+ 27. Rxf2 Qb1 28.
Rf1 axb5 29. Bh6 Qd3 30. Qxd3 Rxd3 31. Rxg7+ Kh8 32. Rfxf7 Be4 33. Rc7 Rcd8 34. h3 Bg6 35. Rge7 Bf5 36.
g4 Bg6 37. Bg5 Rd1+ 38. Kh2 R1d7 39. Bf6+ Kg8 40. Rexd7 Rxd7 41. Rc8+ Kf7 42. Bg5 Nd3 43. h4 Nxe5 0-1

[Event "NJSK 2022 Meisjes A&B"]
[Site "Almelo, Netherlands"]
[Date "2022.05.01"]
[Round "1.4"]
[White "Den Heijer, Rolinde"]
[Black "Mensing, Luana"]
[Result "1-0"]
[TimeControl "90min/40moves + 30min + 30sec/move"]
[WhiteElo "1754"]
[BlackElo "1604"]

1. e4 c5 2. Nf3 d6 3. d4 cxd4 4. Nxd4 Nf6 5. Nc3 a6 6. Bc4 e6 7. Bb3 Be7 8. O-O O-O 9. Be3 Nbd7 10.
Bxe6 Nc5 11. Bxc8 Rxc8 12. f3 g6 13. Kh1 Re8 14. Bh6 Bf8 15. Bxf8 Kxf8 16. Nb3 Nxb3 17. axb3 Kg8 18. Rf2 Nh5 19.
Rd2 Rc6 20. Ra4 Re5 21. Rad4 Qb6 22. Nd5 Qa7 23. Ne3 b5 24. Ng4 Rg5 25. Rxd6 Rcc5 26. h4 Rxg4 27. fxg4 Ng3+ 28. Kh2 Nxe4 29.
Rd8+ Kg7 30. R2d7 Rc7 31. Qd4+ Qxd4 32. Rxd4 Nc5 33. Rd2 Ne6 34. R8d7 Rc8 35. Rf2 Rf8 36. Ra7 Nc5 37. b4 Ne4 38.
Re2 Nf6 39. g5 Nd5 40. c3 Nf4 41. Rf2 Nd3 42. Rd2 Ne5 43. Rxa6 Nc4 44. Re2 Rd8 45. Ra7 Rd5 46. Re8 h6 47.
gxh6+ Kxh6 48. Rxf7 g5 49. hxg5+ Kxg5 50. Rg8+ Kh6 51. Rf3 Kh7 52. Rg4 Rh5+ 53. Rh3 Rxh3+ 54. Kxh3 Nxb2 55. Rg5 Nd1 56.
Rxb5 Nxc3 57. Rc5 1-0

[Event "NJSK 2022 Meisjes A&B"]
[Site "Almelo, Netherlands"]
[Date "2022.05.01"]
[Round "1.5"]
[White "Jonkman, Amelia"]
[Black "Van Essen, Marieke"]
[Result "0-1"]
[TimeControl "90min/40moves + 30min + 30sec/move"]
[WhiteElo "1552"]
[BlackElo "1728"]

1. d4 Nf6 2. c4 c5 3. Nf3 g6 4.
Nc3 cxd4 5. Nxd4 Bg7 6. Bf4 d6 7. Bg3 O-O 8. e3 Nc6 9. Bd3 Nh5 10. Bc2 Nxd4 11. exd4 Nxg3 12. hxg3 Qb6 13.
Rb1 Qxd4 14. Qxd4 Bxd4 15. Nb5 Bg7 16. O-O Bd7 17. Rfe1 Bxb5 18. cxb5 e6 19. b3 Rac8 20. Rec1 b6 21.
Kf1 d5 22. f4 Rc3 23. g4 Rfc8 24. Rd1 Rxc2 25. a3 Ra2 26. a4 Rcc2 27. g3 Rf2+ 28. Kg1 Rg2+ 29. Kf1 Raf2+ 30. Ke1 Bc3+ 0-1

[Event "NJSK 2022 Meisjes A&B"]
[Site "Almelo, Netherlands"]
[Date "2022.05.01"]
[Round "1.6"]
[White "Honkoop, Stella"]
[Black "Ganeshram, Nirupa"]
[Result "1-0"]
[TimeControl "90min/40moves + 30min + 30sec/move"]
[WhiteElo "1711"]
[BlackElo "1546"]

1. d4 d5 2. Bf4 e6 3. e3 c5 4. c3 Nc6 5. Nf3 Nf6 6. Nbd2 Be7 7. Bd3 O-O 8. Ne5 Nxe5 9. dxe5 Ne8 10.
h4 f5 11. g4 d4 12. Bc4 Bxh4 13. gxf5 dxe3 14. Bxe3 h6 15. fxe6 Kh8 16. Bxc5 Rf5 17. Bd4 Qg5 18. Rf1 Qf4 19. Bd3 Rf8 20. Qb3 Bg5 21.
Ne4 Bh4 22. Nd2 Bg5 23. Qc2 Bxe6 24. O-O-O Qf7 25. b3 Qc7 26. Kb2 a5 27. Bc4 Bf5 28. Bd3 Be6 29. Ne4 Be7 30. f4 Qc6 31.
Qe2 Nc7 32. Qf2 a4 33. b4 Bf5 34. Nc5 b6 35. b5 Qe8 36. Ne4 Bxe4 37. Bxe4 Qxb5+ 38. Kc2 Qc4 39. Bxa8 Qxa2+ 40. Kd3 Qb3 41.
Rb1 Qe6 42. Be4 b5 43. Qb2 Rb8 44. Rf2 Qc4+ 45. Kd2 Bh4 46. Rf3 Be7 47. Ba7 Rd8+ 48. Bd4 Rb8 49. Ra1 Rd8 50. Rd3 Ne6 51.
Ke3 Rf8 52. Rf1 Nc7 53. Bb6 Ne6 54. Bd5 Qc8 55. Bxe6 Qxe6 56. Bd4 Qc4 57. Rdd1 Rc8 58. Rg1 Rc7 59. Rb1 Rb7 60. Qg2 Bc5 61.
Qxb7 Bxd4+ 62. cxd4 Qc3+ 63. Kf2 Qd2+ 64. Kg3 Qe3+ 65. Qf3 Qxd4 66. Rgd1 Qb6 67. Rd6 Qc7 68. Qd3 g5 69. Rd8+ 1-0

[Event "NJSK 2022 Meisjes A&B"]
[Site "Almelo, Netherlands"]
[Date "2022.05.01"]
[Round "1.7"]
[White "Wortman, Manixia"]
[Black "Venema, Katja"]
[Result "0-1"]
[TimeControl "90min/40moves + 30min + 30sec/move"]
[WhiteElo "1432"]
[BlackElo "1692"]

1. e4 e6 2. d4 d5 3. exd5 exd5 4. Nf3 Nf6 5. Bg5 Be7 6. Nc3 O-O 7. Be2 Nc6 8. O-O h6 9. Bh4 Bf5 10.
Ne5 Nb4 11. Bd3 Nxd3 12. Nxd3 c6 13. Re1 Re8 14. Qf3 Be4 15. Qe2 Bd6 16. f3 Bf5 17. Qd2 Be7 18. Re5 Be6 19. Rae1 Qb6 20.
Qe3 Ng4 21. fxg4 Bxh4 22. g3 Bf6 23. Qf4 Bxe5 24. Rxe5 Qd8 25. Nc5 b6 26. Nd3 Qf6 27. Qe3 Bd7 28. Qd2 Rxe5 29. Nxe5 Qe7 30.
Qf2 f6 31. Ng6 Qf7 32. Nh4 Bxg4 33. Qf4 Be6 34. Qd6 Qd7 35. Qb4 Bf7 36. Ne2 Qe6 37. Nf4 Qe3+ 0-1

[Event "NJSK 2022 Meisjes A&B"]
[Site "Almelo, Netherlands"]
[Date "2022.05.02"]
[Round "2.1"]
[White "De Zoeten, Cato"]
[Black "Den Heijer, Rolinde"]
[Result "0-1"]
[TimeControl "90min/40moves + 30min + 30sec/move"]
[WhiteElo "1915"]
[BlackElo "1754"]

1. e4 c5 2. Nf3 d6 3. d4 cxd4 4. Nxd4 Nf6 5. Nc3 g6 6. Be3 Bg7 7. f3 O-O 8. Qd2 Nc6 9. O-O-O d5 10.
exd5 Nxd5 11. Nxc6 bxc6 12. Bd4 e5 13. Bc5 Be6 14. Ne4 Re8 15. h4 Rb8 16. g4 Qc7 17. h5 f5 18. gxf5 gxf5 19.
Nd6 Red8 20. Rg1 Kh8 21. Nc4 Nb6 22. Rxg7 Rxd2 23. Rxc7 Rxd1+ 24. Kxd1 Nxc4 25. b3 Rd8+ 26. Kc1 Nb6 27.
c4 Nd7 28. Bxa7 Ra8 29. Kb2 Re8 30. Rxc6 Nf6 31. h6 Ng8 32. f4 Nxh6 33. fxe5 Ng4 34. Bd4 h5 35. a4 Nh2 36. Bh3 Nf3 37.
Bc3 h4 38. a5 Ng5 39. Bg2 f4 40. Bd2 Rf8 41. a6 h3 42. Bh1 f3 43. Bxg5 f2 44. Bf6+ Rxf6 45. exf6 f1=Q 46. Rxe6 Qxh1 47.
Re8+ Kh7 48. a7 h2 49. Re2 Qa8 50. Rxh2+ Kg6 51. f7 Kxf7 52. Rh7+ Ke6 53. Rh6+ Kd7 54. Ra6 Kc7 55. b4 Kb7 56.
b5 Qh8+ 57. Kb3 Ka8 58. b6 Qc8 59. Ra5 Qb7 60. Rb5 Qf3+ 61. Kb4 Kb7 62. Ra5 Qf8+ 63. Kb3 Qf3+ 64. Kb4 Qf8+ 65. Ka4 Qe8+ 66.
Rb5 Qc6 67. Kb4 Qe4 68. Ra5 Qe1+ 69. Ka4 Qa1+ 70. Kb5 Qb2+ 71. Kc5 Qxb6+ 72. Kd4 0-1

[Event "NJSK 2022 Meisjes A&B"]
[Site "Almelo, Netherlands"]
[Date "2022.05.02"]
[Round "2.2"]
[White "Van Essen, Marieke"]
[Black "Verheij, Dana"]
[Result "1/2-1/2"]
[TimeControl "90min/40moves + 30min + 30sec/move"]
[WhiteElo "1728"]
[BlackElo "1828"]

1. e4 c5 2. Nf3 d6 3. Bb5+ Nd7 4. c4 Ngf6 5. Nc3 g6 6. d3 Bg7 7. O-O O-O 8. Ne1 a6 9. Ba4 e5 10.
f4 exf4 11. Bxf4 Qe7 12. Nf3 h6 13. Qe1 Ne5 14. Bxe5 dxe5 15.
Nd5 Nxd5 16. exd5 Qd6 17. Rb1 b5 18. Bc2 Bd7 19. a3 bxc4 20. dxc4 f5 21. Qg3 Qf6 22. Nh4 Kh7 23. Rbd1 Qg5 24.
Qxg5 hxg5 25. Nf3 g4 26. Ng5+ Kh6 27. Ne6 Bxe6 28. dxe6 Rae8 29. Rd6 Rf6 30. Rxa6 Rfxe6 31. Rxe6 Rxe6 32.
b4 e4 33. Rb1 e3 34. Bd3 Bd4 35. Be2 Ra6 36. b5 Rxa3 37. b6 Ra8 38. b7 Rb8 39. Kf1 Kg7 40. Bd1 1/2-1/2

[Event "NJSK 2022 Meisjes A&B"]
[Site "Almelo, Netherlands"]
[Date "2022.05.02"]
[Round "2.3"]
[White "Cordes, Jule"]
[Black "Honkoop, Stella"]
[Result "1-0"]
[TimeControl "90min/40moves + 30min + 30sec/move"]
[WhiteElo "1802"]
[BlackElo "1711"]

1. d4 d6 2. Nf3 g6 3. c4 Bg7 4. Nc3 Nd7 5. Bg5 h6 6. Bh4 f5 7. e3 g5 8. Bg3 e5 9. dxe5 dxe5 10.
h4 f4 11. exf4 gxf4 12. Bh2 Ne7 13. Qc2 c6 14. O-O-O Qa5 15. Bd3 Nc5 16. Bg6+ Kf8 17. Rhe1 Bg4 18. Rd6 Bxf3 19. gxf3 Rd8 20.
Rxd8+ Qxd8 21. Rd1 Qc7 22. Ne4 Nxe4 23. Qxe4 h5 24. Bf5 Rh6 25. Rd7 Qb6 26. Bxf4 Nxf5 27. Qxf5+ Rf6 28. Qxe5 Rg6 29.
Qe7+ Kg8 30. Qf7+ Kh8 31. Qxg6 Qxb2+ 32. Kd1 Qa1+ 33. Bc1 Qe5 34. Rd8+ 1-0

[Event "NJSK 2022 Meisjes A&B"]
[Site "Almelo, Netherlands"]
[Date "2022.05.02"]
[Round "2.4"]
[White "Venema, Katja"]
[Black "Martinez, Sara"]
[Result "0-1"]
[TimeControl "90min/40moves + 30min + 30sec/move"]
[WhiteElo "1692"]
[BlackElo "1651"]

1. d4 d5 2. c4 e6 3. Nc3 c5 4. cxd5 cxd4 5. Qxd4 Nc6 6. Qd1 exd5 7. Qxd5 Bd6 8. Nf3 Nf6 9. Qd1 O-O 10.
Bg5 h6 11. Bh4 g5 12. Bg3 Bb4 13. a3 Bxc3+ 14. bxc3 Qa5 15. Rc1 Ne4 16. Qb3 Rd8 17. e3 Nc5 18. Qa2 Be6 19. Qb2 Nb3 20.
Rc2 Qd5 21. Be2 Bf5 22. c4 Qa5+ 23. Rc3 Nc5 24. Qc1 Na4 25. Bc7 Qxc7 26. Rb3 Nc5 27. Rc3 Nd3+ 28. Bxd3 Bxd3 29. h4 g4 30.
Nd2 Qe5 31. Rb3 Qe6 32. Rxb7 Rab8 33. Rxb8 Rxb8 34. Qc3 Ne5 35. c5 Ba6 36. Kd1 Nd3 37. Rf1 Nb2+ 38. Kc1 Bxf1 39. Nxf1 Qd5 40.
Nd2 Nd3+ 0-1

[Event "NJSK 2022 Meisjes A&B"]
[Site "Almelo, Netherlands"]
[Date "2022.05.02"]
[Round "2.5"]
[White "Tangarife Ramirez, Katja"]
[Black "Jonkman, Amelia"]
[Result "1/2-1/2"]
[TimeControl "90min/40moves + 30min + 30sec/move"]
[WhiteElo "1623"]
[BlackElo "1552"]

1. d4 Nf6 2. c4 g6 3. Nc3 d6 4. Nf3 Bg7 5. e4 Nbd7 6. Be2 e5 7. d5 O-O 8. Be3 b6 9. b4 a5 10.
a3 Bb7 11. Rb1 axb4 12. axb4 Ba6 13. O-O h6 14. h3 Qe7 15. Qd2 Kh7 16. Ra1 Rfb8 17. Ra2 Bb7 18. Rfa1 Qd8 19. Qc2 Rxa2 20.
Rxa2 Ra8 21. Rxa8 Qxa8 22. Nb5 Ne8 23. Qc3 Ndf6 24. Bd3 Qa4 25. Nd2 Nd7 26. Qb3 Qxb3 27. Nxb3 Nb8 28. c5 bxc5 29.
bxc5 Ba6 30. Bf1 f5 31. f3 fxe4 32. fxe4 dxc5 33. Nxc5 c6 34. dxc6 Bxb5 35. Bxb5 Nc7 36. Ba4 Bf8 37.
Nd7 Nxd7 38. cxd7 Ne6 39. Kf2 Kg7 40.
Bd2 Be7 41. Ke2 Bd8 42. Bb4 Nf4+ 43. Kf3 Nh5 44. Bd6 Kf6 45. Bb3 Nf4 46. Bf8 h5 47. h4 Ne6 48. Bxe6 Kxe6 49. g3 Kxd7 50.
Bh6 1/2-1/2

[Event "NJSK 2022 Meisjes A&B"]
[Site "Almelo, Netherlands"]
[Date "2022.05.02"]
[Round "2.6"]
[White "Ganeshram, Nirupa"]
[Black "Bogouslavskii, Veronique"]
[Result "1-0"]
[TimeControl "90min/40moves + 30min + 30sec/move"]
[WhiteElo "1546"]
[BlackElo "1618"]

1. e4 e5 2. Nf3 Nc6 3. Nc3 Nf6 4. Bb5 Bc5 5. O-O d6 6. d4 exd4 7. Nxd4 Bd7 8. Bxc6 bxc6 9. h3 O-O 10.
Bg5 Qe7 11. Nb3 Bb6 12. Qf3 Qe5 13. Bxf6 gxf6 14. Kh1 a6 15. Rab1 Kh8 16. Ne2 f5 17. Ng3 fxe4 18. Nxe4 Qf5 19.
Nbd2 Qxf3 20. Nxf3 Bf5 21. Ng3 Bxc2 22. Rbc1 Bd3 23. Rfd1 Be2 24. Nxe2 Bxf2 25. Rxc6 Bb6 26. Nc3 Ba5 27.
a3 Rfc8 28. b4 Bb6 29. Nd5 Bf2 30. Rxc7 Rxc7 31. Nxc7 Ra7 32. Ne8 Bg3 33. Ng5 Re7 34. Nxd6 Rc7 35. Nf5 h6 36. Rd8# 1-0

[Event "NJSK 2022 Meisjes A&B"]
[Site "Almelo, Netherlands"]
[Date "2022.05.02"]
[Round "2.7"]
[White "Mensing, Luana"]
[Black "Wortman, Manixia"]
[Result "1-0"]
[TimeControl "90min/40moves + 30min + 30sec/move"]
[WhiteElo "1604"]
[BlackElo "1432"]

1. e4 c5 2. c3 d5 3. exd5 Qxd5 4. d4 cxd4 5. cxd4 e5 6. Be3 Nc6 7. Nc3 Qd6 8. d5 Nce7 9. Nb5 Qb4+ 10.
Qd2 Nxd5 11. O-O-O Qxd2+ 12. Rxd2 Ngf6 13. Bc4 a6 14. Bxd5 axb5 15. Bb3 Bb4 16. Rd1 Bd7 17. Kb1 Bc6 18.
Nf3 Ng4 19. Ng5 O-O 20. h3 Nxe3 21. fxe3 h6 22. Nf3 Rfe8 23. Rhf1 e4 24. Nh4 Re7 25. Ng6 Rc7 26. Ne5 Rf8 27.
Rf4 Bc5 28. Rdf1 Bxe3 29. Bxf7+ Kh8 30. Ng6+ Kh7 31. Nxf8+ Kh8 32. Rg4 g5 33. h4 1-0

[Event "NJSK 2022 Meisjes A&B"]
[Site "Almelo, Netherlands"]
[Date "2022.05.03"]
[Round "3.1"]
[White "Den Heijer, Rolinde"]
[Black "Cordes, Jule"]
[Result "1/2-1/2"]
[TimeControl "90min/40moves + 30min + 30sec/move"]
[WhiteElo "1754"]
[BlackElo "1802"]

1. e4 e6 2. d4 d5 3. Nc3 Nf6 4. e5 Nfd7 5. f4 c5 6. Nf3 Nc6 7. Bb5 cxd4 8. Nxd4 Nxd4 9. Qxd4 a6 10. Bxd7+ Bxd7 11. O-O Rc8 12. Kh1 Bc5 13. Qd1 O-O 14.
Qh5 f6 15. Bd2 Qb6 16. Rab1 fxe5 17. Qxe5 Rf5 18. Qe1 Rcf8 19. Rf3 Bd6 20. Ne2 Bb8 21. Ba5 Qa7 22. Qh4 Qc5 23. Bc3 R5f7 24.
Rg1 b5 25. a3 Qc4 26. Rh3 g6 27. Rd3 Bxf4 28. Nxf4 Qxf4 29. Qe1 Qf2 30. h3 Qxe1 31. Bxe1 Rc8 32. c3 Rc4 33. Bg3 Re4 34.
Rd2 Rf5 35. Rgd1 Bc6 36. Rd4 Re2 37. R1d2 Re3 38. R4d3 Re4 39. Rd4 Re3 40. R4d3 Re4 41. Rd4 Rf1+ 42. Kh2 Re3 43. Rf4 Ree1 44.
Rxf1 Rxf1 45. Rf2 Rxf2 46. Bxf2 e5 47. Bg3 e4 48. Bf2 Kf7 49. Kg3 g5 50. h4 Kg6 1/2-1/2

[Event "NJSK 2022 Meisjes A&B"]
[Site "Almelo, Netherlands"]
[Date "2022.05.03"]
[Round "3.2"]
[White "Verheij, Dana"]
[Black "De Zoeten, Cato"]
[Result "1-0"]
[TimeControl "90min/40moves + 30min + 30sec/move"]
[WhiteElo "1828"]
[BlackElo "1915"]

1. e4 c5 2. c3 Nf6 3. e5 Nd5 4. Nf3 d6 5. exd6 e6 6. g3 Bxd6 7. Bg2 O-O 8. O-O b6 9. c4 Ne7 10.
Ne5 Bxe5 11. Bxa8 Nbc6 12. Bxc6 Nxc6 13. Nc3 Bb7 14. Re1 Qf6 15. Ne4 Qg6 16. d3 Rd8 17. a3 f5 18. Ng5 h6 19.
Nf3 Bb8 20. Qe2 e5 21. Bd2 f4 22. Bc3 fxg3 23. fxg3 Rxd3 24. Bxe5 Rxf3 25. Qxf3 Bxe5 26. Rxe5 Nxe5 27. Qxb7 Qd6 28.
Qd5+ Qxd5 29. cxd5 Nf3+ 30. Kg2 Nd4 31. Re1 Kf7 32. d6 1-0

[Event "NJSK 2022 Meisjes A&B"]
[Site "Almelo, Netherlands"]
[Date "2022.05.03"]
[Round "3.3"]
[White "Honkoop, Stella"]
[Black "Van Essen, Marieke"]
[Result "1-0"]
[TimeControl "90min/40moves + 30min + 30sec/move"]
[WhiteElo "1711"]
[BlackElo "1728"]

1. d4 Nf6 2. Bf4 g6 3. Nc3 d5 4. e3 Bg7 5. Bd3 a6 6. Nf3 O-O 7. h4 Nc6 8. Qd2 Nb4 9. Be2 Bf5 10. Bd1 c5 11. Ne5 cxd4 12. exd4 Qc8 13. h5 Nxh5 14. Bh6 Bxh6 15. Qxh6 Bxc2 16. Bxh5 gxh5 17. Rxh5 Qe6 18.
Rg5+ Kh8 19. Qg7# 1-0

[Event "NJSK 2022 Meisjes A&B"]
[Site "Almelo, Netherlands"]
[Date "2022.05.03"]
[Round "3.4"]
[White "Mensing, Luana"]
[Black "Venema, Katja"]
[Result "1/2-1/2"]
[TimeControl "90min/40moves + 30min + 30sec/move"]
[WhiteElo "1604"]
[BlackElo "1692"]

1. e4 e6 2. d4 d5 3. Nc3 Bb4 4. e5 c5 5. a3 Bxc3+ 6. bxc3 Ne7 7. Nh3 Nbc6 8. Ng5 Ng6 9. Bd3 cxd4 10.
Bxg6 hxg6 11. cxd4 Rh5 12. h4 Bd7 13. g4 Rh8 14. Qd3 Qe7 15. Bb2 O-O-O 16. O-O-O Rxh4 17. Nh3 Rxg4 18.
Qf3 Rh4 19. a4 Be8 20. Ba3 Qc7 21. Qc3 Qa5 22. Qxa5 Nxa5 23. Be7 Rh6 24. Bxd8 Kxd8 25. Ng5 Ke7 26. Rxh6 gxh6 27. Nf3 Bxa4 28.
Rh1 h5 29. c3 Nc4 30. Rh3 Bc6 31. Nd2 Nxd2 32. Kxd2 Bb5 33. f4 f6 34. Rg3 Kf7 35. Rg1 a5 36. Rb1 Bc6 37. Kd3 b5 38. Ke3 Kg7 39. Rg1 a4 40. Kf3 Be8 41. Rg2 f5 42. Rg1 Kf7 43.
Kg3 Ke7 44. Kh4 Kf7 45. Kg5 Kg7 46. Rg2 Bc6 47. Rg1 Be8 1/2-1/2

[Event "NJSK 2022 Meisjes A&B"]
[Site "Almelo, Netherlands"]
[Date "2022.05.03"]
[Round "3.5"]
[White "Martinez, Sara"]
[Black "Ganeshram, Nirupa"]
[Result "1-0"]
[TimeControl "90min/40moves + 30min + 30sec/move"]
[WhiteElo "1651"]
[BlackElo "1546"]

1. e4 c5 2. Nf3 e6 3. d4 cxd4 4. Nxd4 a6 5. Be2 Qc7 6. a3 Nf6 7. Nc3 Nc6 8. Be3 Bc5 9. Nxe6 dxe6 10.
Bxc5 Nxe4 11. Nxe4 Qe5 12. Nd6+ Kd7 13. Nc4+ Qd5 14. Nb6+ Kc7 15. Nxd5+ exd5 16. Qxd5 Rd8 17. Qxf7+ Kb8 18.
Qf4+ 1-0

[Event "NJSK 2022 Meisjes A&B"]
[Site "Almelo, Netherlands"]
[Date "2022.05.03"]
[Round "3.6"]
[White "Bogouslavskii, Veronique"]
[Black "Tangarife Ramirez, Katja"]
[Result "1-0"]
[TimeControl "90min/40moves + 30min + 30sec/move"]
[WhiteElo "1618"]
[BlackElo "1623"]

1. d4 d5 2. e3 c6 3. Bd3 Nf6 4. Nd2 e6 5. f4 Be7 6. Ngf3 Nbd7 7. O-O O-O 8. c3 Qc7 9. Ne5 c5 10.
g4 Ne8 11. g5 f5 12. Qh5 Nxe5 13. fxe5 g6 14. Qh6 cxd4 15. exd4 Bd8 16. Nf3 Qg7 17. Qxg7+ Nxg7 18. h4 Nh5 19.
Kg2 f4 20. Nh2 Bd7 21. Ng4 Bc7 22. Nf6+ Nxf6 23. gxf6 b5 24. Bxf4 Rab8 25. Bh6 Rf7 26. a3 a5 27. b4 Rc8 28.
Rac1 Bb6 29. Rg1 Be8 30. Kf3 Kh8 31. h5 Rfc7 32. Bd2 gxh5 33. Ra1 Bc6 34. Rg5 h4 35. Rh5 Rg8 36. Rxh4 Be8 37.
Rah1 Bg6 38. Bxb5 Be4+ 39. Kf2 Bxh1 40. Rxh1 axb4 41. axb4 Ra8 42. Be2 Rg8 43. Bh5 Ra8 44. Ke2 Rcc8 45.
f7 Ra2 46. Bg4 1-0

[Event "NJSK 2022 Meisjes A&B"]
[Site "Almelo, Netherlands"]
[Date "2022.05.03"]
[Round "3.7"]
[White "Jonkman, Amelia"]
[Black "Wortman, Manixia"]
[Result "1-0"]
[TimeControl "90min/40moves + 30min + 30sec/move"]
[WhiteElo "1552"]
[BlackElo "1432"]

1. d4 Nf6 2. c4 e6 3. Nc3 Bb4 4. Nf3 b6 5. Bg5 Bb7 6. e3 h6 7. Bh4 O-O 8. Be2 d6 9. O-O Bxc3 10.
bxc3 Nbd7 11. Qb3 c5 12. Rfd1 d5 13. Rac1 Qc7 14. cxd5 Bxd5 15. c4 Bb7 16. d5 Qd6 17. Bg3 e5 18.
Bd3 Rfe8 19. h3 Qf8 20. e4 Nh5 21. Bh2 f5 22. Re1 fxe4 23. Rxe4 Nhf6 24. Rxe5 Nxe5 25. Nxe5 g5 26. a4 Bc8 27.
a5 Nd7 28. Nxd7 Bxd7 29. axb6 axb6 30. Qxb6 Ra2 31. f3 Qe7 32. Qg6+ Qg7 33. Qxg7+ Kxg7 34. Bd6 Re3 35. Bf1 Ra5 36. Rb1 Bf5 37. Rb5 Ra1 38.
Bxc5 Ree1 39. Bd4+ Kg6 40. Bxa1 Rxa1 41. Kf2 Rc1 42. d6 Kf6 43. Rd5 Bd7 44. c5 Ke6 45. Rd2 Rxc5 46. g3 Rd5 47.
Bc4 1-0

[Event "NJSK 2022 Meisjes A&B"]
[Site "Almelo, Netherlands"]
[Date "2022.05.04"]
[Round "4.1"]
[White "Cordes, Jule"]
[Black "Verheij, Dana"]
[Result "1-0"]
[TimeControl "90min/40moves + 30min + 30sec/move"]
[WhiteElo "1802"]
[BlackElo "1828"]

1. d4 d5 2. c4 e6 3. Nc3 a6 4. cxd5 exd5 5. Nf3 c6 6. Bg5 Nf6 7. e3 Be7 8. Bd3 h6 9. Bh4 Be6 10.
Qb3 b5 11. a4 Nbd7 12. axb5 axb5 13. O-O O-O 14. Rxa8 Qxa8 15. Bb1 Rc8 16. Ne5 Re8 17. Qc2 Nf8 18. Rc1 N6d7 19. Bg3 Nxe5 20.
Bxe5 Qb7 21. Ne2 Rc8 22. Nf4 Qd7 23. Qd3 Ra8 24. Nh5 f6 25. Bg3 Ra4 26. Nf4 Bf7 27. Qe2 Rc4 28. Rd1 Ne6 29.
Qd3 Nf8 30. b3 Rb4 31. Qc3 Qg4 32. f3 Qd7 33. Nd3 Rc4 34. bxc4 dxc4 35. Nf4 b4 36. Qc1 Qa7 37. Be4 Qb6 38.
d5 Bc5 39. Bf2 1-0

[Event "NJSK 2022 Meisjes A&B"]
[Site "Almelo, Netherlands"]
[Date "2022.05.04"]
[Round "4.2"]
[White "Martinez, Sara"]
[Black "Den Heijer, Rolinde"]
[Result "1/2-1/2"]
[TimeControl "90min/40moves + 30min + 30sec/move"]
[WhiteElo "1651"]
[BlackElo "1754"]

1. e4 c5 2. Nf3 d6 3. d4 cxd4 4. Qxd4 Nc6 5. Bb5 Bd7 6. Bxc6 bxc6 7. c4 e5 8. Qd3 Nf6 9. Nc3 c5 10.
Bg5 h6 11. Bh4 g5 12. Bg3 Be6 13. Rd1 a6 14. b3 Nh5 15. Nd5 Qa5+ 16. Kf1 Rd8 17. Ne1 Bg7 18. Nc2 O-O 19. Nce3 f5 20.
Nxf5 Qxa2 21. Nde7+ Kh7 22. Qf3 Nf6 23. Qe3 Qc2 24. Rc1 Qxe4 25. Qxe4 Nxe4 26. Nxg7 Kxg7 27. Ke2 Rb8 28. f3 Nxg3+ 29. hxg3 Rxb3 30. Rhd1 Rd8 31. Nc6 Rd7 32. Rd2 Rb6 33. Na5 Rb4 34. Ke3 Ra4 35. Nc6 Bxc4 36. Rcd1 d5 37. Nxe5 Re7 38.
f4 Bb3 39. Rc1 Rc7 40. Nd3 Rc4 41. Ra1 Rc3 42. Kf2 Rc2 43. Rxc2 Bxc2 44. Ne5 Be4 45. Rxa6 c4 46. Ra1 c3 47.
Rc1 c2 48. Nf3 Bh7 49. fxg5 Rb7 50. gxh6+ Kxh6 51. Ke2 Rb3 52. Nd4 Rxg3 53. Nxc2 Rxg2+ 54. Kd1 Bxc2+ 55. Rxc2 Rg7 56. Rh2+ Kg5 57.
Rg2+ Kf6 58. Rxg7 Kxg7 59. Kd2 Kf6 60. Kd3 Ke5 61. Ke3 d4+ 1/2-1/2

[Event "NJSK 2022 Meisjes A&B"]
[Site "Almelo, Netherlands"]
[Date "2022.05.04"]
[Round "4.3"]
[White "Venema, Katja"]
[Black "Honkoop, Stella"]
[Result "1/2-1/2"]
[TimeControl "90min/40moves + 30min + 30sec/move"]
[WhiteElo "1692"]
[BlackElo "1711"]

1. d4 Nf6 2. c4 g6 3. Nc3 Bg7 4. e4 d6 5. Nf3 O-O 6. Be2 e5 7. Bg5 Nbd7 8. dxe5 dxe5 9. O-O a5 10.
Qc2 c6 11. Rad1 Qc7 12. Ne1 Nc5 13. Be3 Ne6 14. Qc1 Re8 15. f3 Nh5 16. Nd3 Nef4 17. Nf2 Bd7 18. Rfe1 Nxe2+ 19. Rxe2 f5 20.
Red2 Be6 21. Na4 f4 22. Bb6 Qf7 23. b3 g5 24. Nc5 Nf6 25. Qc3 g4 26. Nxe6 Qxe6 27. Rd6 Qf7 28. fxg4 Bf8 29.
R6d3 Bb4 30. Qc2 Qg6 31. Qe2 a4 32. c5 axb3 33. axb3 Ba5 34. Bxa5 Rxa5 35. b4 Ra4 36. Qb2 Raa8 37.
Rd6 Qg7 38. h3 Re7 39. Qb3+ Kf8 40. Rd8+ Rxd8 41. Rxd8+ Ne8 42. Rb8 Rd7 43. b5 Qe7 44. bxc6 bxc6 45. Qc3 Rd4 46. Rb4 Rxb4 47.
Qxb4 Nf6 48. Nd3 Nd7 49. Qb7 Qe6 50. Qc8+ Ke7 51. Nb4 Nxc5 52. Qc7+ Nd7 53. Nxc6+ Kf6 54. Nb4 Qb6+ 55. Qxb6+ Nxb6 56.
Kf2 Nc4 57. h4 Nd2 58. Nd5+ Ke6 59. Nc3 Nc4 60. g3 fxg3+ 61. Kxg3 Nd2 62. g5 Nc4 63. h5 Nd6 64. g6 h6 65.
Kg4 Ne8 66. Nd5 Ng7 67. Ne3 Ne8 68. Nf5 Nf6+ 69. Kf3 Nxh5 70. Kg4 Nf6+ 71. Kh4 Nxe4 72. g7 Nf6 73. Nxh6 e4 74. Kg3 Nh5+ 75.
Kf2 Nxg7 76. Ke3 Nf5+ 77. Kf4 e3 78. Nxf5 e2 79. Nd4+ 1/2-1/2

[Event "NJSK 2022 Meisjes A&B"]
[Site "Almelo, Netherlands"]
[Date "2022.05.04"]
[Round "4.4"]
[White "Van Essen, Marieke"]
[Black "Mensing, Luana"]
[Result "1-0"]
[TimeControl "90min/40moves + 30min + 30sec/move"]
[WhiteElo "1728"]
[BlackElo "1604"]

1. e4 c5 2. Nf3 d6 3. d4 cxd4 4. Nxd4 Nf6 5. Nc3 a6 6. a4 g6 7. Bc4 e6 8. O-O Bg7 9. Kh1 Nc6 10.
f4 Nxd4 11. Qxd4 O-O 12. Qf2 Qc7 13. Bb3 Bd7 14. Qh4 b5 15. e5 dxe5 16. fxe5 Qxe5 17. Bg5 Nh5 18. Rae1 Qc7 19. Be7 Rfe8 20.
axb5 Bxc3 21. bxc3 Bxb5 22. Rxf7 Ng7 23. Rxg7+ Kxg7 24. Qf6+ Kh6 25. Re3 Be2 26. Rh3+ Bh5 27. Rxh5+ Kxh5 28.
Qg5# 1-0